 Dungeon Crawl Stone Soup version 0.30-a0-341-g682706514a (webtiles) character file.

Game seed: 1233058127627490672

932 KennySheep the Conjurer (level 7, -16/50 HPs)
             Began as a Demigod Conjurer on Nov 1, 2022.
             Shot with an arrow by a centaur warrior (27 damage)
             ... on level 9 of the Dungeon.
             The game lasted 00:09:15 (4905 turns).

KennySheep the Conjurer (Demigod Conjurer)          Turns: 4905, Time: 00:09:16

Health: -16/50     AC:  5    Str:  8    XL:     7   Next: 55%
Magic:  15/15      EV: 11    Int: 28    God:
Gold:   145        SH:  0    Dex: 12    Spells: 3/13 levels left

rFire   . . .      SeeInvis .    a - staff of conjuration
rCold   . . .      Faith    .    (no shield)
rNeg    . . .      Spirit   .    d - +0 leather armour
rPois   .          Reflect  .    z - +0 helmet
rElec   .          Harm     .    (no cloak)
rCorr   .          Rampage  .    f - +0 pair of gloves
Will    .....                    (no boots)
Stlth   ++........               (no amulet)
HPRegen 0.28/turn                (no ring)
MPRegen 0.14/turn                (no ring)

@: weak-willed
A: high MP 1, forlorn, divine attributes
a: no special abilities


You were on level 9 of the Dungeon.
You visited 1 branch of the dungeon, and saw 7 of its levels.

You collected 145 gold pieces.

Inventory:

Hand Weapons
 c - a +0 dagger
 m - a +0 dagger of venom
Armour
 d - a +0 leather armour (worn)
 f - a +0 pair of gloves (worn)
 z - a +0 helmet (worn)
Magical Staves
 a - a staff of conjuration (weapon)
Wands
 u - a wand of paralysis (12)
Scrolls
 e - 2 scrolls of amnesia
 j - a scroll of enchant armour
 l - 4 scrolls of identify
 r - 2 scrolls of immolation
 s - a scroll of acquirement
 v - a scroll of vulnerability
Potions
 b - 3 potions of magic
 g - 2 potions of might {unknown}
 h - a potion of resistance
 k - a potion of flight
 n - a potion of mutation {unknown}
 p - 2 potions of degeneration {unknown}
 q - a potion of curing {unknown}
 t - 3 potions of attraction {unknown}
 w - 2 potions of brilliance {unknown}
 x - 2 potions of lignification {unknown}


   Skills:
 - Level 1.7 Dodging
 - Level 1.7 Stealth
 + Level 3.6 Spellcasting
 * Level 6.4 Conjurations
 - Level 4.0 Hexes
 * Level 2.7 Translocations


You had 3 spell levels left.
You knew the following spells:

 Your Spells              Type           Power      Damage    Failure   Level
a - Magic Dart            Conj           100%       1d8       1%          1
b - Searing Ray           Conj           100%       2d8       1%          2
c - Iskenderun's Mystic   Conj/Tloc      46%        2d10      17%         4
d - Vhi's Electric Charg  Tloc/Air       24%        N/A       19%         3

Your spell library contained the following spells:

 Spells                   Type           Power      Damage    Failure   Level
 Dazzling Flash           Conj/Hex       100%       N/A       4%          3
 Blink                    Tloc           40%        N/A       5%          2
 Fulminant Prism          Conj/Hex       25%        3d14      13%         4
 Manifold Assault         Tloc           20%        N/A       34%         4
 Arcjolt                  Conj/Air       17%        1d27      63%         5
 Storm Form               Tmut/Air       2%         N/A       100%        7
 Maxwell's Capacitive Co  Air            2%         ∞         100%        8


Dungeon Overview and Level Annotations

Branches:
Dungeon (9/15)
 Temple: D:4-7         Lair: D:8-11         Orc: D:9-12

Annotations:
D:4 2 transporters, ragingrage's ghost, amateur DrFE


Innate Abilities, Weirdness & Mutations

You have an increased reservoir of magic. (+10% MP)
You shall have no god before yourself.
Your divine heritage dramatically boosts your attributes as you level up.


Message History

The basilisk bites your orc warrior! Flame seeps out of your orc warrior.
This is a scroll of acquirement!
Something appears at your feet! The basilisk gazes at you.
Your orc warrior is moving more slowly.
Your orc warrior is engulfed in blazing flames.
Flame seeps out of your orc warrior.
Your orc warrior barely misses the basilisk.
Your orc warrior barely misses something.
Your orc warrior hits the wyvern with a +0 battleaxe!
Something hits your orc warrior but does no damage.
A yak comes into view.
Blink to where?
Press: ? - help, Dir - move target 2 centaurs, a five-headed hydra, a killer bee and a wyvern come into view.
Found a scale mail and a scroll labelled CITHOTHR FUIGGO.
As you read the scroll labelled NEBLIE ELISYO, it crumbles to dust.
It was a scroll of blinking.
The centaur warrior shouts!
The five-headed hydra roars!
The centaur shouts!
The centaur wields a +0 shortbow.
The centaur shoots an arrow.
The arrow closely misses you.
The centaur warrior wields a +0 shortbow.
The centaur warrior shoots an arrow.
The arrow hits you!
Your orc warrior is engulfed in blazing flames.
Flame seeps out of your orc warrior.
Your orc warrior hits the basilisk with a +0 battleaxe.
Flame seeps out of the basilisk.
Your orc warrior hits something with a +0 battleaxe!
Flame seeps out of something.
The basilisk is engulfed in blazing flames.
Flame seeps out of the basilisk.
Flame seeps out of something.
The killer bee moves out of view.
Okay, then.
Okay, then.
A yak comes into view.
The centaur shoots an arrow.
The arrow hits you!
* * * LOW HITPOINT WARNING * * *
The centaur warrior shoots an arrow.
The arrow hits you!!
Ouch! That really hurt!
You die...

#######
###.....###
.....D..c
...l.[?
.yc.. ...
##.## ♣.@.♣
♣.♣.♣ ♣Y♣Y♣
♣Y♣.♣ .K...
##l## #.{○#
♣..o♣


+>8<+ You could see a five-headed hydra, a centaur warrior, 3 yaks, a wyvern
(wandering), a kobold brigand (weak-willed), a centaur and a killer bee.

Vanquished Creatures
  An ogre (D:4)
  A phantom (D:4)
  A scorpion (D:4)
  A hound (D:5)
  A jelly (D:5)
  2 iguanas (D:4)
  An orc wizard (D:3)
  7 adders
  3 worms
  A dart slug (D:2)
  5 orcs
  2 endoplasms (D:3)
  3 giant cockroaches
  14 goblins
  9 hobgoblins
  13 jackals
  4 quokkas
  7 ball pythons
  2 bats
  3 frilled lizards
  4 kobolds
  8 rats
93 creatures vanquished.

Vanquished Creatures (collateral kills)
  A vampire mosquito (D:9)
  2 water moccasins (D:9)
  2 howler monkeys (D:9)
5 creatures vanquished.

Vanquished Creatures (others)
  8 plants (D:9)
8 creatures vanquished.

Grand Total: 106 creatures vanquished

Notes
Turn   | Place    | Note
-------+----------+-------------------------------------------
     0 | D:1      | KennySheep the Demigod Conjurer began the quest for the
                  | Orb.
     0 | D:1      | Reached XP level 1. HP: 14/14 MP: 5/5
   546 | D:1      | Reached XP level 2. HP: 17/20 MP: 0/7
   909 | D:2      | Reached skill level 1 in Hexes
   937 | D:2      | Reached skill level 4 in Conjurations
  1132 | D:2      | Reached XP level 3. HP: 26/26 MP: 6/8
  1923 | D:3      | Learned a level 2 spell: Searing Ray
  2478 | D:3      | Reached XP level 4. HP: 33/33 MP: 4/10
  2503 | D:3      | Learned a level 4 spell: Iskenderun's Mystic Blast
  3431 | D:4      | Found a transporter.
  3457 | D:4      | Noticed ragingrage's ghost (amateur DrFE)
  3590 | D:4      | Reached XP level 5. HP: 38/38 MP: 7/11
  4224 | D:4      | Reached skill level 5 in Conjurations
  4363 | D:4      | Found a transporter.
  4383 | D:4      | Reached XP level 6. HP: 41/45 MP: 4/13
  4631 | D:4      | Learned a level 3 spell: Vhi's Electric Charge
  4651 | D:5      | Entered Level 5 of the Dungeon
  4865 | D:5      | You fall into a shaft and drop 3 floors!
  4868 | D:8      | Noticed a vampire mosquito
  4868 | D:8      | Noticed a vampire mosquito
  4868 | D:8      | Noticed a vampire mosquito
  4883 | D:9      | Noticed a water moccasin
  4883 | D:9      | Noticed a water moccasin
  4884 | D:9      | Killed a vampire mosquito
  4885 | D:9      | Reached skill level 1 in Translocations
  4885 | D:9      | Reached XP level 7. HP: 30/50 MP: 13/15
  4887 | D:9      | Reached skill level 6 in Conjurations
  4894 | D:9      | Noticed a basilisk
  4895 | D:9      | Noticed a wyvern
  4901 | D:9      | Noticed a yak
  4903 | D:9      | Identified 2 scrolls of acquirement
  4903 | D:9      | Acquired 842 gold pieces
  4903 | D:9      | Noticed a yak
  4904 | D:9      | Noticed a centaur warrior
  4904 | D:9      | Noticed a five-headed hydra
  4904 | D:9      | Noticed a wyvern
  4905 | D:9      | Noticed a yak
  4905 | D:9      | Shot with an arrow by a centaur warrior

Illustrated notes

Levels and vault maps discovered:
D:1:      scummos_arrival_simple_crosswalls, layout_loops_ring,
          ebering_ecumenical_altar_webs
D:2:      layout_loops_ring
D:3:      layout_basic, zin_academy, glass_columns_c
D:4:      layout_basic, gammafunk_ghost_stat_death, grunt_ministairs_3,
          minmay_ogre_servants
D:5:      layout_basic, uniq_edmund, uniq_prince_ribbit1
D:8:      layout_rooms
D:9:      nzn_winding_woodlands_stair_cross [nzn_winding_woodlands_5x15_garden,
          nzn_winding_woodlands_center_garden,
          nzn_winding_woodlands_5x15_sidewinder,
          nzn_winding_woodlands_5x5_closed_star,
          nzn_winding_woodlands_5x5_open_star,
          nzn_winding_woodlands_5x15_split_checker,
          nzn_winding_woodlands_center_pierced_h,
          nzn_winding_woodlands_5x15_pathside_ponds], layout_loops_cross,
          nicolae_overflow_hallway_of_the_gods, minmay_misc_feat_nine_boxes,
          uniq_grum

Skill      XL: |  1  2  3  4  5  6  7 |
---------------+----------------------+-----
Hexes          | 1 2 3 4 |  4.0
Spellcasting   | 2 3 |  3.6
Conjurations   | 4 5 6 |  6.4
Translocations | 1 2 |  2.7
Dodging        | |  1.7
Stealth        | |  1.7

Action                   |  1- 3 |  4- 6 |  7- 9 || total
-------------------------+-------+-------+-------++-------
Melee: Whip              |    15 |       |       ||    15
       Dagger            |     4 |    11 |       ||    15
       Punch             |       |     1 |       ||     1
 Cast: Magic Dart        |    83 |    72 |       ||   155
       Searing Ray       |     2 |    13 |       ||    15
  Use: Scroll            |     5 |     1 |     4 ||    10
Armor: Leather armour    |     9 |     5 |       ||    14
Dodge: Dodged            |    22 |    13 |     1 ||    36

Table legend: (Time is in decaauts)
 A = Elapsed time spent in this place.
 B = Non-inter-level travel time spent in this place.
 C = Inter-level travel time spent in this place.
 D = Time resting spent in this place.
 E = Time spent auto-exploring this place.
 F = Levels seen in this place.
 G = Mean time per level.
                   A        B        C        D        E       F      G
               +--------+--------+--------+--------+--------+-----+--------+
         Total |   4902 |   4724 |    178 |    247 |   3984 |   7 |  700.3 |
       Dungeon |   4902 |   4724 |    178 |    247 |   3984 |   7 |  700.3 |
               +--------+--------+--------+--------+--------+-----+--------+

Top non-repeatable levels by time:
     D:4: 1459 daAuts
     D:3: 1302 daAuts
     D:2: 984 daAuts
     D:1: 903 daAuts
     D:5: 213 daAuts
     D:9: 29 daAuts
     D:8: 9 daAuts
